 Dungeon Crawl Stone Soup version 0.29-a0-902-g0f71de6fce (webtiles) character file.

Game seed: 11198168828565233736

466 reriks the Sneak (level 6, -1/32 HPs)
             Began as a Spriggan Hunter on July 25, 2022.
             Was an Initiate of Gozag.
             Slain by a human zombie (3 damage)
             ... on level 5 of the Dungeon.
             The game lasted 00:07:52 (6101 turns).

reriks the Sneak (Spriggan Hunter)                  Turns: 6101, Time: 00:07:52

Health: -1/32      AC:  9    Str:  7    XL:     6   Next: 81%
Magic:  7/7        EV: 17    Int: 11    God:    Gozag
Gold:   188        SH:  0    Dex: 20    Spells: 5/5 levels left

rFire   + . .      SeeInvis +   a - +1 shortbow
rCold   . . .      Faith    .   (shield currently unavailable)
rNeg    . . .      Spirit   .   p - quicksilver dragon scales
rPois   .          Reflect  .   (helmet restricted)
rElec   .          Harm     .   (no cloak)
rCorr   .          Rampage  .   (gloves unavailable)
Will    ++...                   (boots unavailable)
Stlth   +++.......              w - amulet of the acrobat
HPRegen 0.10/turn               i - ring of protection from fire
MPRegen 0.10/turn               (no ring)

@: very quick
A: very small, no large weapons, unfitting armour, see invisible, speed 3
a: Renounce Religion, Potion Petition, Call Merchant, Bribe Branch


You were on level 5 of the Dungeon.
You worshipped Gozag.
Gozag was aware of your devotion.
You visited 2 branches of the dungeon, and saw 6 of its levels.

You collected 233 gold pieces.
You paid 45 gold pieces to Gozag.

Inventory:

Hand Weapons
 a - a +1 shortbow (weapon)
 e - a +0 sling of flaming
Missiles
 d - 3 boomerangs
Armour
 c - a +1 robe
 p - quicksilver dragon scales (worn)
Jewellery
 i - a ring of protection from fire (left hand)
 w - an amulet of the acrobat (around neck)
 x - an amulet of regeneration
Scrolls
 b - 2 scrolls of immolation
 t - a scroll of blinking
Potions
 f - a potion of magic
 g - 4 potions of attraction
 h - 4 potions of curing
 j - 2 potions of lignification {unknown}
 l - a potion of degeneration {unknown}
 m - 2 potions of cancellation {unknown}
 o - a potion of flight {unknown}
 s - a potion of haste {unknown}


   Skills:
 + Level 3.2 Fighting
 + Level 5.4 Ranged Weapons
 + Level 5.2 Dodging
 + Level 5.7 Stealth


You had 5 spell levels left.
You didn't know any spells.
Your spell library contained the following spells:

 Spells                   Type           Power      Damage    Failure   Level
 Apportation              Tloc           0%         N/A       77%         1
 Necrotise                Necr           0%         1d4       77%         1
 Shock                    Conj/Air       0%         1d3       77%         1
 Summon Small Mammal      Summ           0%         N/A       77%         1
 Gell's Gravitas          Tloc           0%         N/A       98%         3
 Lesser Beckoning         Tloc           0%         N/A       98%         3
 Swiftness                Air            0%         N/A       98%         3
 Teleport Other           Tloc           0%         N/A       98%         3
 Airstrike                Air            0%         0-1+      100%        4
 Alistair's Intoxication  Tmut/Pois      0%         N/A       100%        5
 Dispersal                Tloc           0%         N/A       100%        6


Dungeon Overview and Level Annotations

Branches:
Dungeon (5/15)             Temple (1/1) D:4

Altars:
Dithmenos
Elyvilon
Fedhas
Gozag
Hepliaklqana
Kikubaaqudgha
Makhleb
Nemelex Xobeh
Okawaru
Qazlal
Trog
Uskayaw
Vehumet
Wu Jian
Xom
Yredelemnul
Zin
The Shining One


Innate Abilities, Weirdness & Mutations

You are very small and have problems with some larger weapons.
You are too small for most types of armour.
You have supernaturally acute eyesight. (SInv)
You cover ground extremely quickly. (Speed+++)


Message History

Fire: a) +1 shortbow
Press: ? - help, Shift-Dir - straight line, f/p - human zombie
Aim: a human zombie (heavily damaged, 72% to hit)
You shoot an arrow.
The arrow barely misses the human zombie.
The human zombie misses you.
Fire: a) +1 shortbow
Press: ? - help, Shift-Dir - straight line, f/p - human zombie
Aim: a human zombie (heavily damaged, 72% to hit)
You shoot an arrow. The arrow hits the human zombie!
The human zombie is severely damaged.
The human zombie completely misses you.
Fire: a) +1 shortbow
Press: ? - help, Shift-Dir - straight line, f/p - human zombie
Aim: a human zombie (severely damaged, 72% to hit)
You shoot an arrow.
The arrow hits the human zombie but does no damage.
The human zombie is severely damaged.
The human zombie barely misses you.
Fire: a) +1 shortbow
Press: ? - help, Shift-Dir - straight line, f/p - human zombie
Aim: a human zombie (severely damaged, 72% to hit)
You shoot an arrow. The arrow hits the human zombie.
The human zombie is severely damaged.
The human zombie hits you.
* * * LOW HITPOINT WARNING * * *
Fire: a) +1 shortbow
Press: ? - help, Shift-Dir - straight line, f/p - human zombie
Aim: a human zombie (severely damaged, 72% to hit)
You shoot an arrow. The arrow hits the human zombie.
The human zombie is almost destroyed.
The human zombie barely misses you.
Fire: a) +1 shortbow
Press: ? - help, Shift-Dir - straight line, f/p - human zombie
Aim: a human zombie (almost destroyed, 72% to hit)
You shoot an arrow. The arrow hits the human zombie.
The human zombie is almost destroyed.
The human zombie hits you.
You die...
Your body crumbles into a pile of gold.

#.########
#####.########
#.............
#.###.########
######.# #.#
#......# #.#
#.####.# #.# ###
#.######*### #..
#.@Z..#,*,* #.#
#####+#+*+*******,*
*,+,,,+,*$,,,,,,*
***,,,***********
*,+,,,+,* *+*+*+***
*∩*,*,+,*
*********** *,*
*,,,*


You could see a human zombie.

Vanquished Creatures
  An ogre (D:4)
  A necrophage (D:4)
  3 hounds
  2 orc wizards
  2 iguanas (D:4)
  5 adders
  An ufetubus (D:3)
  A worm (D:3)
  A dart slug (D:3)
  9 orcs
  8 ball pythons
  6 bats
  8 endoplasms
  2 giant cockroaches
  6 goblins
  8 hobgoblins
  2 quokkas
  3 frilled lizards (D:1)
  2 kobolds
  3 rats
74 creatures vanquished.

Notes
Turn   | Place    | Note
-------+----------+-------------------------------------------
     0 | D:1      | reriks the Spriggan Hunter began the quest for the Orb.
     0 | D:1      | Reached XP level 1. HP: 10/10 MP: 2/2
   165 | D:1      | Reached XP level 2. HP: 15/15 MP: 3/3
  1191 | D:2      | Reached XP level 3. HP: 16/18 MP: 4/4
  2084 | D:3      | Reached XP level 4. HP: 17/23 MP: 5/5
  2744 | D:3      | Found an ornate altar of the Wu Jian Council.
  3352 | D:3      | Found a faded altar of an unknown god.
  4326 | D:4      | Reached XP level 5. HP: 27/27 MP: 6/6
  4778 | D:4      | Found a staircase to the Ecumenical Temple.
  4783 | D:4      | Noticed an ogre
  4786 | Temple   | Entered the Ecumenical Temple
  5021 | Temple   | Became a worshipper of Gozag Ym Sagoz the Greedy
  5093 | D:4      | Killed an ogre
  5218 | D:4      | Reached skill level 5 in Ranged Weapons
  5240 | D:4      | Reached skill level 5 in Stealth
  5240 | D:4      | Reached XP level 6. HP: 32/32 MP: 7/7
  5307 | D:4      | Reached skill level 5 in Dodging
  5725 | D:5      | Entered Level 5 of the Dungeon
  6005 | D:5      | Noticed a water moccasin
  6099 | D:5      | HP: 1/32 [human zombie (6)]
  6101 | D:5      | Slain by a human zombie

Illustrated notes

Levels and vault maps discovered:
D:1:      dpeg_arrival_three_smaller_balls, layout_loops_ring
D:2:      layout_basic, nrook_campfire
D:3:      layout_loops_corners, nicolae_wu_jian_immortal_techniques,
          shapermc_ecumenical_altar_hornbeckon
D:4:      layout_loops_ring, temple_doors_ab, kennysheep_nub
D:5:      layout_loops_ring, nicolae_ossuary_entry_catacombs,
          minmay_misc_feat_pillars, nzn_random_ring
Temple:   minmay_crystal_spiral_temple

Skill      XL: |  1  2  3  4  5  6 |
---------------+-------------------+-----
Stealth        | 2 3 4 5 |  5.7
Dodging        | 3 4 5 |  5.2
Fighting       | 2 3 |  3.2
Ranged Weapons | 5 |  5.4

Action                   |  1- 3 |  4- 6 || total
-------------------------+-------+-------++-------
 Fire: Shortbow          |    35 |    67 ||   102
       Sling             |    59 |    79 ||   138
  Use: Scroll            |     5 |    10 ||    15
Armor: Quicksilver drago |     3 |    21 ||    24
Dodge: Dodged            |    15 |    48 ||    63

Table legend: (Time is in decaauts)
 A = Elapsed time spent in this place.
 B = Non-inter-level travel time spent in this place.
 C = Inter-level travel time spent in this place.
 D = Time resting spent in this place.
 E = Time spent auto-exploring this place.
 F = Levels seen in this place.
 G = Mean time per level.
                   A        B        C        D        E       F      G
               +--------+--------+--------+--------+--------+-----+--------+
         Total |   4897 |   4696 |    201 |   2444 |   1538 |   6 |  816.2 |
       Dungeon |   4731 |   4599 |    132 |   2444 |   1472 |   5 |  946.2 |
        Temple |    165 |     97 |     68 |      0 |     66 |   1 |  165.0 |
               +--------+--------+--------+--------+--------+-----+--------+

Top non-repeatable levels by time:
     D:3: 1885 daAuts
     D:4: 1271 daAuts
     D:1: 620 daAuts
     D:2: 620 daAuts
     D:5: 333 daAuts
  Temple: 165 daAuts
